 Dungeon Crawl Stone Soup version 0.21.1-1-g345015f (webtiles) character file.

78 madjesty the Skirmisher (level 4, -1/41 HPs)
             Began as a Minotaur Berserker on May 12, 2018.
             Was a Believer of Trog.
             Slain by an orc warrior
             ... wielding a +0 long sword
              (24 damage)
             ... on level 2 of the Dungeon.
             The game lasted 00:04:49 (1241 turns).

madjesty the Skirmisher (Minotaur Berserker)        Turns: 1241, Time: 00:04:49

Health: -1/41      AC:  5    Str: 22    XL:     4   Next: 15%
Magic:  3/3        EV: 12    Int:  4    God:    Trog [**....]
Gold:   59         SH:  0    Dex: 10    Spells: 3/3 levels left

rFire    . . .     SeeInvis .   a - +0 hand axe
rCold    . . .     Gourm    .   (no shield)
rNeg     . . .     Faith    .   q - +0 ring mail
rPois    .         Spirit   .   (helmet restricted)
rElec    .         Reflect  .   (no cloak)
rCorr    .         Harm     .   (no gloves)
MR       .....                  (no boots)
Stlth    ..........             (no amulet)
HPRegen  0.13/turn              (no ring)
MPRegen  0.08/turn              (no ring)

@: lethally poisoned (-1 -> -3), berserk cooldown, slowed, very slow
A: retaliatory headbutt, horns 2
a: Berserk, Trog's Hand, Burn Spellbooks, Renounce Religion


You were on level 2 of the Dungeon.
You worshipped Trog.
Trog was pleased with you.
You were very hungry.

You visited 1 branch of the dungeon, and saw 2 of its levels.

You collected 59 gold pieces.

Inventory:

Hand Weapons
 a - a +0 hand axe (weapon)
 p - a +0 hunting sling
 r - a +0 hunting sling
Missiles
 m - 14 poisoned needles (quivered)
 s - 6 stones
Armour
 b - a +0 animal skin
 h - a +0 robe
 l - a +0 leather armour
 q - a +0 ring mail (worn)
 t - a +4 ring mail of fire resistance
Scrolls
 d - a scroll of amnesia {unknown}
 g - a scroll of remove curse {unknown}
 i - a scroll of identify
 j - a scroll of fear {unknown}
 k - a scroll of blinking {unknown}
 n - a scroll of teleportation {unknown}
 o - a scroll of fog {unknown}
Potions
 e - a potion of invisibility
Comestibles
 c - 2 rations
 f - 2 chunks of flesh


   Skills:
 + Level 4.3 Fighting
 + Level 4.3 Axes
 + Level 3.4 Armour
 + Level 3.0 Dodging


You had 3 spell levels left.
You didn't know any spells.

Dungeon Overview and Level Annotations

Branches:
Dungeon (2/15)

Altars:


Innate Abilities, Weirdness & Mutations

You reflexively headbutt those who attack you in melee.
You have a pair of horns on your head.


Message History

You closely miss the adder. You headbutt the adder!
The adder is almost dead.
You hit the orc warrior but do no damage.
The adder bites you.
You are poisoned.
The adder poisons you! The orc warrior barely misses you.
The adder closely misses you. You furiously retaliate!
You headbutt the adder.
You kill the adder!
Trog accepts your kill.
You feel sick.
The orc warrior hits you with a long sword!
The orc warrior hits you with a long sword.
You see here an adder corpse.
You barely miss the orc warrior. The orc warrior barely misses you.
You hit the orc warrior but do no damage.
You headbutt the orc warrior, but do no damage.
You feel sick.
The orc warrior hits you with a long sword!!
Ouch! That really hurt!
You die...

.................. .
#..###.##[#..#.#.# .#
#.........#..#(#.##.###.
.....#.#..#..#.#.#......
#รท##.#.#..#.............
.................#......
.......#.....#......#
#.#..###.#######)######.####
..#.............@..((.......
..#..###........o.##........
..#..# ########.#.##........
..#..# #.#.##......". ..#..#
#.#.##........ ..#..#
#.#.#####.#### ..#..# #.#..
.# ..#..# #.... .. ..# ##.


You could see an orc warrior.

Vanquished Creatures
  Terence (D:2)
  An adder (D:2)
  An ooze (D:1)
  A dart slug (D:1)
  A leopard gecko (D:1)
  An orc (D:2)
  3 giant cockroaches
  7 goblins
  5 hobgoblins
  3 bats (D:1)
  3 frilled lizards
  3 kobolds (D:1)
  6 rats
36 creatures vanquished.

Notes
Turn   | Place    | Note
-------+----------+-------------------------------------------
     0 | D:1      | madjesty the Minotaur Berserker began the quest for the Orb.
     0 | D:1      | Reached XP level 1. HP: 19/19 MP: 0/0
   145 | D:1      | Reached XP level 2. HP: 27/27 MP: 1/1
   490 | D:1      | Reached XP level 3. HP: 27/33 MP: 2/2
   661 | D:1      | Reached ** piety under Trog
  1210 | D:2      | Noticed Terence
  1225 | D:2      | Killed Terence
  1226 | D:2      | Reached XP level 4. HP: 40/40 MP: 3/3
  1233 | D:2      | Noticed an orc warrior
  1241 | D:2      | Slain by an orc warrior

Skill      XL: |  1  2  3 |
---------------+----------+-----
Fighting       | 4 |  4.3
Axes           | 4 |  4.3
Armour         | 3 |  3.4
Dodging        | 3 |  3.0

Action                   |  1- 3 |  4- 6 || total
-------------------------+-------+-------++-------
Melee: Hand axe          |    58 |     4 ||    62
       Headbutt          |    13 |     2 ||    15
Invok: Berserk           |     1 |       ||     1
       Trog's Hand       |     1 |       ||     1
  Use: Scroll            |     1 |       ||     1
 Stab: Sleeping          |     1 |       ||     1
  Eat: Chunk             |     1 |       ||     1
Armor: Animal skin       |     5 |       ||     5
       Ring mail         |     3 |       ||     3
Dodge: Dodged            |    33 |     5 ||    38
